 Dungeon Crawl Stone Soup version 0.31-a0-702-gf82c85558f (webtiles) character file.

Game seed: 13043560084118303251

617 Corto the Digger (level 7, 0/37 HPs)
             Began as a Gargoyle Earth Elementalist on Sept 8, 2023.
             Slain by an ogre
             ... wielding a +0 giant club
              (12 damage)
             ... on level 5 of the Dungeon.
             The game lasted 00:07:06 (3208 turns).

Corto the Digger (Gargoyle Earth Elementalist)      Turns: 3208, Time: 00:07:07

Health: 0/37       AC: 11    Str: 11    XL:     7   Next: 45%
Magic:  5/13       EV: 12    Int: 18    God:
Gold:   149        SH:  0    Dex: 10    Spells: 10/14 levels left

rFire   + . .        q - +0 short sword (venom)
rCold   + . .        (no shield)
rNeg    + . .        a - +0 robe
rPois   ∞            (no helmet)
rElec   +            y - scarf {rC+ rF+}
rCorr   .            (no gloves)
SInv    +            m - +0 pair of boots
Will    .....        (no amulet)
Stlth   ++           d - ring of see invisible
HPRegen 0.26/turn    h - +4 ring of protection
MPRegen 0.13/turn

%: no passive effects
@: no status effects
A: sickness immunity, AC +4, negative energy resistance 1, electricity
resistance, torment resistance 1, petrification resistance
a: no special abilities


You were on level 5 of the Dungeon.
You visited 1 branch of the dungeon, and saw 5 of its levels.

You collected 149 gold pieces.

Inventory:

Hand Weapons
 q - a +0 short sword of venom (weapon)
Armour
 a - a +0 robe (worn)
 m - a +0 pair of boots (worn)
 y - a scarf of resistance (worn)
Magical Staves
 i - a staff of cold
Jewellery
 d - a ring of see invisible (left hand)
 h - a +4 ring of protection (right hand)
Scrolls
 c - 3 scrolls of teleportation {unknown}
 e - a scroll of fear {unknown}
 g - a scroll of amnesia {unknown}
 j - 3 scrolls of identify {unknown}
 o - a scroll of immolation {unknown}
 r - a scroll of fog {unknown}
 s - a scroll of noise {unknown}
 w - a scroll of torment {unknown}
 x - a scroll of blinking {unknown}
 A - a scroll of enchant armour {unknown}
Potions
 b - a potion of magic
 f - a potion of heal wounds {unknown}
 k - a potion of might {unknown}
 l - a potion of curing {unknown}
 n - a potion of brilliance {unknown}
 p - a potion of attraction {unknown}
 t - a potion of enlightenment {unknown}
 u - a potion of lignification {unknown}
 v - a potion of degeneration {unknown}
 z - a potion of haste {unknown}


   Skills:
 + Level 0.7 Fighting
 + Level 0.7 Maces & Flails
 + Level 0.9 Armour
 + Level 1.8 Dodging
 - Level 2.1 Stealth
 + Level 4.4 Spellcasting
 + Level 4.0 Conjurations
 - Level 0.7 Transmutations
 + Level 6.3 Earth Magic
 + Level 0.4 Evocations


You had 10 spell levels left.
You knew the following spells:

 Your Spells              Type           Power      Damage    Failure   Level
a - Sandblast             Erth           54%        2d13      1%          1
b - Stone Arrow           Conj/Erth      44%        3d9       4%          3

Your spell library contained the following spells:

 Spells                   Type           Power      Damage    Failure   Level
 Passwall                 Tmut/Erth      13%        N/A       4%          2
 Slow                     Hex            16%        N/A       14%         1
 Wereblood                Tmut           6%         N/A       16%         2
 Petrify                  Tmut/Erth      16%        N/A       32%         4
 Confusing Touch          Hex            4%         N/A       38%         3
 Sigil of Binding         Hex            4%         N/A       38%         3
 Vampiric Draining        Necr           4%         2d6       38%         3
 Summon Hydra             Summ           2%         N/A       100%        7
 Sublimation of Blood     Necr           Unusable   N/A       N/A         2

Dungeon Overview and Level Annotations

Branches:
Dungeon (5/15)
 Temple: D:4-7

Altars:
Kikubaaqudgha
Makhleb
Sif Muna
Wu Jian

Shops:
D:1 *


Innate Abilities, Weirdness & Mutations

You are immune to sickness and miasma.
Your stone body is resilient. (AC +4)
You are immune to poison.
You resist negative energy. (rN+)
You are resistant to electric shocks. (rElec)
You are resistant to unholy torment.
You are immune to petrification.


Message History

The blast of sand misses the ogre.
An ogre comes into view. It is wielding a +0 giant club.
The ogre closely misses you.
Casting: Sandblast (safe; 1% risk of failure)
Confirm with . or Enter, or press ? or * to list all spells.
The blast of sand hits the ogre!!
The ogre is almost dead.
The ogre hits you with a +0 giant club!
Casting: Sandblast (safe; 1% risk of failure)
Confirm with . or Enter, or press ? or * to list all spells.
The blast of sand hits the ogre!
You kill the ogre!
The jelly jiggles.
The jelly misses you.
Your Conjurations skill increases to level 4!
Casting: Sandblast (safe; 1% risk of failure)
Confirm with . or Enter, or press ? or * to list all spells.
The blast of sand hits the jelly!
The jelly is heavily wounded.
The jelly hits you but does no damage.
Casting: Sandblast (safe; 1% risk of failure)
Confirm with . or Enter, or press ? or * to list all spells.
The blast of sand hits the jelly.
The jelly is severely wounded.
The jelly hits you but does no damage. The ogre barely misses you.
The jelly misses you.
Casting: Sandblast (safe; 1% risk of failure)
Confirm with . or Enter, or press ? or * to list all spells.
The blast of sand hits the jelly!
You kill the jelly!
The ogre closely misses you.
Casting: Sandblast (safe; 1% risk of failure)
Confirm with . or Enter, or press ? or * to list all spells.
The blast of sand misses the ogre.
The ogre hits you with a +0 giant club!
Casting: Sandblast (safe; 1% risk of failure)
Confirm with . or Enter, or press ? or * to list all spells.
The blast of sand hits the ogre.
The ogre is lightly wounded.
The ogre hits you with a +0 giant club!
You die... •••• •••• ••••• $•••• ••••>• █•••••• ██)•••••• ██@••••••• ██••O██████ ██•••██ ███••███ •••█████•••██ •••••••<••██ •••••••••██ ••███••••█ ███•••

You could see an ogre.

Vanquished Creatures
  Sigmund (D:4)
  2 ogres
  A bullfrog (D:4)
  A jelly (D:5)
  An orc priest (D:4)
  A hound (D:4)
  An iguana (D:4)
  An adder (D:4)
  An ufetubus (D:4)
  2 worms
  4 dart slugs
  10 orcs
  A ball python (D:3)
  5 endoplasms
  5 giant cockroaches
  8 goblins
  7 hobgoblins
  4 jackals (D:1)
  5 bats
  7 frilled lizards
  7 kobolds
  5 rats
80 creatures vanquished.

Notes
Turn   | Place    | Note
-------+----------+-------------------------------------------
     0 | D:1      | Corto the Gargoyle Earth Elementalist began the quest for
                  | the Orb.
     0 | D:1      | Reached XP level 1. HP: 10/10 MP: 3/3
   174 | D:1      | Reached skill level 4 in Earth Magic
   174 | D:1      | Reached XP level 2. HP: 15/15 MP: 0/5
   506 | D:1      | Found Sull's General Store.
   519 | D:1      | Reached XP level 3. HP: 19/19 MP: 0/6
   523 | D:1      | Learned a level 3 spell: Stone Arrow
  1135 | D:2      | Found an ancient bone altar of Kikubaaqudgha.
  1156 | D:2      | Found a faded altar of an unknown god.
  1537 | D:3      | Found an ornate altar of the Wu Jian Council.
  1606 | D:3      | Found a shimmering blue altar of Sif Muna.
  1611 | D:3      | Reached skill level 1 in Conjurations
  1802 | D:3      | Reached XP level 4. HP: 18/24 MP: 3/8
  2361 | D:4      | Noticed a bullfrog
  2367 | D:4      | Killed a bullfrog
  2368 | D:4      | Reached skill level 5 in Earth Magic
  2368 | D:4      | Reached XP level 5. HP: 28/28 MP: 4/10
  2449 | D:4      | Found a burning altar of Makhleb.
  2580 | D:4      | Noticed an ogre
  2586 | D:4      | Killed an ogre
  2587 | D:4      | Reached XP level 6. HP: 32/32 MP: 7/11
  2657 | D:4      | Noticed Sigmund
  2707 | D:4      | Killed Sigmund
  2708 | D:4      | Reached skill level 6 in Earth Magic
  2708 | D:4      | Reached XP level 7. HP: 29/36 MP: 9/13
  3191 | D:5      | Entered Level 5 of the Dungeon
  3208 | D:5      | Slain by an ogre

Illustrated notes

Levels and vault maps discovered:
D:1:      sevenhm_arrival_forest_fort_large_3, layout_rooms, serial_shops, shop
D:2:      layout_rooms, basic_altar, ebering_ecumenical_altar_sacrificial
D:3:      layout_loops_cross, lemuel_crystal_altar, mainiacjoe_overflow_catwalk,
          minmay_close_crescents
D:4:      layout_cave_pools, makhleb_heckhound_becter,
          kennysheep_generic_room_10, uniq_sigmund
D:5:      layout_layer_cave, mainiacjoe_overflow_big_doors,
          nicolae_overflow_hidden_temple, nicolae_sextant

Skill      XL: |  1  2  3  4  5  6  7 |
---------------+----------------------+-----
Earth Magic    | 4 5 6 |  6.3
Conjurations   | 1 2 3 4 |  4.0
Spellcasting   | 3 4 |  4.4
Fighting       | |  0.7
Maces & Flails | |  0.7
Armour         | |  0.9
Dodging        | |  1.8
Stealth        | |  2.1
Transmutations | |  0.7
Evocations     | |  0.4

Action                     |  1- 3 |  4- 6 |  7- 9 || total
---------------------------+-------+-------+-------++-------
  Melee: Unarmed           |     1 |       |       ||     1
         Short sword       |       |    10 |       ||    10
   Cast: Sandblast         |    58 |    54 |    22 ||   134
 Armour: Robe              |     9 |    31 |    11 ||    51
  Dodge: Dodged            |    12 |    31 |     6 ||    49

Table legend: (Time is in decaauts)
 A = Elapsed time spent in this place.
 B = Non-inter-level travel time spent in this place.
 C = Inter-level travel time spent in this place.
 D = Time resting spent in this place.
 E = Time spent auto-exploring this place.
 F = Levels seen in this place.
 G = Mean time per level.
                   A        B        C        D        E       F      G
               +--------+--------+--------+--------+--------+-----+--------+
         Total |   3272 |   3206 |     66 |     46 |   2614 |   5 |  654.4 |
       Dungeon |   3272 |   3206 |     66 |     46 |   2614 |   5 |  654.4 |
               +--------+--------+--------+--------+--------+-----+--------+

Top non-repeatable levels by time:
     D:1: 979 daAuts
     D:3: 874 daAuts
     D:4: 851 daAuts
     D:2: 546 daAuts
     D:5: 20 daAuts
